PAA
SPRINGFIELD SHOOTERS @ LAKE MINNETONKA LOVE BOATS
05/19/2040
 
TOP OF THE 1ST
Springfield Shooters batting - Pitching for Lake Minnetonka Love Boats : LHP Mototsune Rin
Pitching: LHP Mototsune Rin
Batting: RHB Charles Ward 0-0: Ball
1-0: Fly out, F8 (Flyball, 8RD, EV 81.9 MPH)
Batting: RHB Bang Aang 0-0: Fly out, F9 (Flyball, 9D, EV 98.8 MPH)
Batting: RHB Karel van Capelle 0-0: Ball
1-0: Foul Ball, location: 2F
1-1: Ball
2-1: Called Strike
2-2: Ball
3-2: Foul Ball, location: 2F
3-2: Base on Balls
Batting: RHB Dao-zi Zhan 0-0: Ball
1-0: Called Strike
1-1: Ball
Karel van Capelle steals 2nd base
2-1: Fly out, F9 (Flyball, 9LS, EV 80.6 MPH)
Top of the 1st over - 0 runs, 0 hits, 0 errors, 1 left on base; Springfield 0 - Lake Minnetonka 0
BOTTOM OF THE 1ST
Lake Minnetonka Love Boats batting - Pitching for Springfield Shooters : LHP António Arellano
Pitching: LHP António Arellano
Batting: RHB Kian Hook 0-0: Ball
1-0: Ball
2-0: Called Strike
2-1: Ball
3-1: SINGLE (Groundball, 4, EV 105.0 MPH) (infield hit)
Batting: RHB Ding-bong Wang 0-0: Ball
1-0: Ball
2-0: Swinging Strike
2-1: Foul Ball, location: 2F
2-2: Foul Ball, location: 2F
2-2: Ball
3-2: Fly out, F8 (Line Drive, 8LD, EV 92.5 MPH)
Batting: RHB Ernest Lesley 0-0: Called Strike
0-1: Ball
1-1: Called Strike
1-2: Ball
2-2: Ball
3-2: Foul Ball, location: 2F
3-2: Base on Balls
Kian Hook to second
Batting: LHB Alfredo Garza 0-0: Called Strike
Ernest Lesley steals 2nd base
Kian Hook steals 3rd base
0-1: Ball
1-1: 3-RUN HOME RUN (Flyball, 9D, EV 91.2 MPH), Distance : 380 ft
Batting: RHB Mark Bakker 0-0: Ball
1-0: Called Strike
1-1: Foul Ball, location: 2F
1-2: Ground out 4-3 (Groundball, 4, EV 90.6 MPH)
Batting: RHB José Avilés 0-0: SINGLE (Groundball, 6MD, EV 100.0 MPH)
Batting: LHB Bill Kirby 0-0: Called Strike
0-1: Ball
1-1: Foul Ball, location: 2F
1-2: Strikes out swinging
Bottom of the 1st over - 3 runs, 3 hits, 0 errors, 1 left on base; Springfield 0 - Lake Minnetonka 3
TOP OF THE 2ND
Springfield Shooters batting - Pitching for Lake Minnetonka Love Boats : LHP Mototsune Rin
Batting: RHB Gerald Johnston 0-0: Swinging Strike
0-1: Foul Ball, location: 2F
0-2: Strikes out looking
Batting: SHB Yosuke Daisen 0-0: Ball
1-0: Fly out, F8 (Flyball, 78XD, EV 106.2 MPH)
Batting: RHB Roland Reece 0-0: Ball
1-0: Foul Ball, location: 2F
1-1: Foul Ball, location: 2F
1-2: SINGLE (Line Drive, 5D, EV 96.9 MPH)
Batting: LHB Sherman Kline 0-0: Ball
1-0: Fly out, F9 (Flyball, 9, EV 95.6 MPH)
Top of the 2nd over - 0 runs, 1 hit, 0 errors, 1 left on base; Springfield 0 - Lake Minnetonka 3
BOTTOM OF THE 2ND
Lake Minnetonka Love Boats batting - Pitching for Springfield Shooters : LHP António Arellano
Batting: RHB Ricardo Cantú 0-0: Ball
1-0: Ball
2-0: Ball
3-0: Base on Balls
Batting: RHB Pablo Santos 0-0: Called Strike
0-1: Ball
1-1: Swinging Strike
1-2: Grounds into double play, 4-6-3 (Groundball, 4, EV 91.9 MPH)
Batting: RHB Kian Hook 0-0: Ball
1-0: Ball
2-0: Called Strike
2-1: Foul Ball, location: 2F
2-2: Ball
3-2: Foul Ball, location: 2F
3-2: SINGLE (Line Drive, 78S, EV 111.2 MPH)
Batting: RHB Ding-bong Wang 0-0: Ball
1-0: Ball
2-0: Hit by Pitch
Kian Hook to second
Batting: RHB Ernest Lesley 0-0: Called Strike
0-1: 3-RUN HOME RUN (Line Drive, 9LD, EV 105.6 MPH), Distance : 360 ft
Batting: LHB Alfredo Garza 0-0: Called Strike
0-1: SINGLE (Groundball, 34D, EV 102.5 MPH)
Pitching: RHP Prosper Azagba
Batting: RHB Mark Bakker 0-0: Foul Ball, location: 2F
0-1: Ball
1-1: Foul Ball, location: 2F
1-2: Ball
2-2: Foul Ball, location: 2F
2-2: Ball
3-2: Ground out 6-3 (Groundball, 6, EV 94.4 MPH)
Bottom of the 2nd over - 3 runs, 3 hits, 0 errors, 1 left on base; Springfield 0 - Lake Minnetonka 6
TOP OF THE 3RD
Springfield Shooters batting - Pitching for Lake Minnetonka Love Boats : LHP Mototsune Rin
Batting: SHB Junior O'Day 0-0: Ball
1-0: Foul Ball, location: 2F
1-1: Ball
2-1: Called Strike
2-2: Ball
3-2: Ground out 6-3 (Groundball, 6D, EV 103.1 MPH)
Batting: RHB Charles Ward 0-0: Called Strike
0-1: Ball
1-1: Ball
2-1: Foul Ball, location: 2F
2-2: Foul Ball, location: 2F
2-2: Ball
3-2: Base on Balls
Batting: RHB Bang Aang 0-0: Called Strike
0-1: Foul Ball, location: 2F
0-2: SINGLE (Line Drive, 6D, EV 94.4 MPH)
Charles Ward to second
Batting: RHB Karel van Capelle 0-0: Called Strike
0-1: Ball
1-1: Ball
2-1: Ball
3-1: Swinging Strike
3-2: Base on Balls
Charles Ward to third
Bang Aang to second
Batting: RHB Dao-zi Zhan 0-0: Fly out, F7 (Line Drive, 7, EV 87.5 MPH)
Batting: RHB Gerald Johnston 0-0: Called Strike
0-1: Foul Ball, location: 2F
0-2: Ball
1-2: Strikes out swinging
Top of the 3rd over - 0 runs, 1 hit, 0 errors, 3 left on base; Springfield 0 - Lake Minnetonka 6
BOTTOM OF THE 3RD
Lake Minnetonka Love Boats batting - Pitching for Springfield Shooters : RHP Prosper Azagba
Batting: RHB José Avilés 0-0: Ball
1-0: Ball
2-0: Called Strike
2-1: Ball
3-1: Swinging Strike
3-2: Foul Ball, location: 2F
3-2: Fly out, F8 (Line Drive, 8LD, EV 86.9 MPH)
Batting: LHB Bill Kirby 0-0: Called Strike
0-1: Swinging Strike
0-2: Fly out, F9 (Flyball, 89M, EV 88.8 MPH)
Batting: RHB Ricardo Cantú 0-0: Called Strike
0-1: Foul Ball, location: 2F
0-2: SINGLE (Line Drive, 8LS, EV 96.9 MPH)
Batting: RHB Pablo Santos 0-0: Ball
1-0: Foul Ball, location: 2F
1-1: Foul Ball, location: 2F
1-2: Fly out, F9 (Flyball, 9, EV 90.6 MPH)
Bottom of the 3rd over - 0 runs, 1 hit, 0 errors, 1 left on base; Springfield 0 - Lake Minnetonka 6
TOP OF THE 4TH
Springfield Shooters batting - Pitching for Lake Minnetonka Love Boats : LHP Mototsune Rin
Batting: SHB Yosuke Daisen 0-0: Called Strike
0-1: Fly out, F7 (Flyball, 7S, EV 95.6 MPH)
Batting: RHB Roland Reece 0-0: Ball
1-0: Called Strike
1-1: Ball
2-1: Fly out, F9 (Flyball, 9, EV 95.0 MPH)
Batting: LHB Sherman Kline 0-0: Swinging Strike
0-1: Fly out, F9 (Flyball, 9D, EV 89.4 MPH)
Top of the 4th over - 0 runs, 0 hits, 0 errors, 0 left on base; Springfield 0 - Lake Minnetonka 6
BOTTOM OF THE 4TH
Lake Minnetonka Love Boats batting - Pitching for Springfield Shooters : RHP Prosper Azagba
Batting: RHB Kian Hook 0-0: Ball
1-0: Ball
2-0: Called Strike
2-1: Ball
3-1: Foul Ball, location: 2F
3-2: Base on Balls
Batting: RHB Ding-bong Wang 0-0: Ball
1-0: Ball
2-0: Ball
3-0: Called Strike
3-1: Fly out, F9 (Flyball, 9LDF, EV 90.0 MPH)
Batting: RHB Ernest Lesley 0-0: Ball
1-0: Ball
2-0: Called Strike
2-1: Swinging Strike
2-2: Ball
3-2: SINGLE (Line Drive, 9S, EV 97.5 MPH)
Kian Hook to second
Runner from 2nd tries for 3rd, SAFE, no throw by RF
Batting: LHB Alfredo Garza 0-0: Ball
1-0: Ball
2-0: Ball
3-0: Base on Balls
Ernest Lesley to second
Batting: RHB Mark Bakker 0-0: Ball
1-0: Foul Ball, location: 2F
1-1: Ball
2-1: Ground out 6-3 (Groundball, 6MS, EV 65.6 MPH)
Kian Hook scores
Ernest Lesley to third
Alfredo Garza to second
Batting: RHB José Avilés 0-0: Ball
1-0: Ball
2-0: Foul Ball, location: 2F
2-1: Fly out, F6 (Popup, 6M, EV 69.4 MPH)
Bottom of the 4th over - 1 run, 1 hit, 0 errors, 2 left on base; Springfield 0 - Lake Minnetonka 7
TOP OF THE 5TH
Springfield Shooters batting - Pitching for Lake Minnetonka Love Boats : LHP Mototsune Rin
Batting: SHB Junior O'Day 0-0: Ball
1-0: Called Strike
1-1: Swinging Strike
1-2: Ball
2-2: Strikes out looking
Batting: RHB Charles Ward 0-0: Called Strike
0-1: Swinging Strike
0-2: DOUBLE (Flyball, 8RXD, EV 96.2 MPH)
Batting: RHB Bang Aang 0-0: Called Strike
0-1: 2-RUN HOME RUN (Flyball, 7D, EV 100.0 MPH), Distance : 361 ft
Batting: RHB Karel van Capelle 0-0: Called Strike
0-1: Foul Ball, location: 2F
0-2: Ground out 5-3 (Groundball, 5L, EV 81.9 MPH)
Batting: RHB Dao-zi Zhan 0-0: Called Strike
0-1: SINGLE (Line Drive, 6MD, EV 95.6 MPH)
Batting: RHB Gerald Johnston 0-0: Called Strike
0-1: Ball
1-1: Ball
2-1: Swinging Strike
2-2: Strikes out swinging
Top of the 5th over - 2 runs, 3 hits, 0 errors, 1 left on base; Springfield 2 - Lake Minnetonka 7
BOTTOM OF THE 5TH
Lake Minnetonka Love Boats batting - Pitching for Springfield Shooters : RHP Prosper Azagba
Batting: LHB Bill Kirby 0-0: Ball
1-0: Foul Ball, location: 2F
1-1: Ball
2-1: Swinging Strike
2-2: Ball
3-2: Ground out 6-3 (Groundball, 6, EV 79.4 MPH)
Pitching: RHP Ettore Guizzardi
Batting: RHB Ricardo Cantú 0-0: Swinging Strike
0-1: Ball
1-1: Ground out 4-3 (Groundball, 4S, EV 61.9 MPH)
Batting: RHB Pablo Santos 0-0: SOLO HOME RUN (Flyball, 78XD, EV 104.4 MPH), Distance : 419 ft
Batting: RHB Kian Hook 0-0: SINGLE (Groundball, 56, EV 102.5 MPH) (infield hit)
Batting: RHB Ding-bong Wang 0-0: Ball
1-0: Called Strike
1-1: Fielders Choice at 2nd, 6-4 (Groundball, 6, EV 103.1 MPH)
Bottom of the 5th over - 1 run, 2 hits, 0 errors, 1 left on base; Springfield 2 - Lake Minnetonka 8
TOP OF THE 6TH
Springfield Shooters batting - Pitching for Lake Minnetonka Love Boats : LHP Mototsune Rin
Batting: SHB Yosuke Daisen 0-0: Foul Ball, location: 2F
0-1: Foul Ball, location: 2F
0-2: Ground out 6-3 (Groundball, 6, EV 100.0 MPH)
Batting: RHB Roland Reece 0-0: Called Strike
0-1: Ball
1-1: Foul Ball, location: 2F
1-2: Fly out, F8 (Flyball, 8RXD, EV 95.0 MPH)
Batting: LHB Sherman Kline 0-0: Foul Ball, location: 2F
0-1: Swinging Strike
0-2: Foul Ball, location: 2F
0-2: Strikes out looking
Top of the 6th over - 0 runs, 0 hits, 0 errors, 0 left on base; Springfield 2 - Lake Minnetonka 8
BOTTOM OF THE 6TH
Lake Minnetonka Love Boats batting - Pitching for Springfield Shooters : RHP Ettore Guizzardi
Batting: RHB Ernest Lesley 0-0: Ball
1-0: Fly out, F9 (Flyball, 89M, EV 87.5 MPH)
Batting: LHB Alfredo Garza 0-0: Ball
1-0: Ball
2-0: Ball
3-0: Called Strike
3-1: Base on Balls
Batting: RHB Mark Bakker 0-0: Ball
1-0: Foul Ball, location: 2F
1-1: Fielders Choice at 2nd, 1-4 (Groundball, 15, EV 81.9 MPH)
Batting: RHB José Avilés 0-0: Ball
1-0: Called Strike
1-1: Ball
2-1: SINGLE (Line Drive, 7LS, EV 98.1 MPH)
Mark Bakker to second
Runner from 2nd tries for 3rd, SAFE, throw by LF made to third
Batting: LHB Bill Kirby 0-0: Ball
1-0: Foul Ball, location: 2F
1-1: Fly out, F5 (Popup, 5S, EV 80.0 MPH)
Bottom of the 6th over - 0 runs, 1 hit, 0 errors, 2 left on base; Springfield 2 - Lake Minnetonka 8
TOP OF THE 7TH
Springfield Shooters batting - Pitching for Lake Minnetonka Love Boats : LHP Mototsune Rin
Batting: SHB Junior O'Day 0-0: Called Strike
0-1: Ball
1-1: Called Strike
1-2: Ball
2-2: Foul Ball, location: 2F
2-2: Fly out, F4 (Popup, 4M, EV 76.9 MPH)
Batting: RHB Charles Ward 0-0: Foul Ball, location: 2F
0-1: Foul Ball, location: 2F
0-2: Ground out 4-3 (Groundball, 4, EV 88.1 MPH)
Batting: RHB Bang Aang 0-0: Called Strike
0-1: Fly out, F7 (Flyball, 7LMF, EV 85.0 MPH)
Top of the 7th over - 0 runs, 0 hits, 0 errors, 0 left on base; Springfield 2 - Lake Minnetonka 8
BOTTOM OF THE 7TH
Lake Minnetonka Love Boats batting - Pitching for Springfield Shooters : RHP Ettore Guizzardi
Batting: RHB Ricardo Cantú 0-0: Swinging Strike
0-1: SINGLE (Line Drive, 7LS, EV 111.2 MPH)
Batting: RHB Pablo Santos 0-0: Ball
1-0: Swinging Strike
1-1: Foul Ball, location: 2F
1-2: Strikes out swinging
Batting: RHB Kian Hook 0-0: Fly out, F7 (Flyball, 78S, EV 91.2 MPH)
Batting: RHB Ding-bong Wang 0-0: Ball
1-0: Foul Ball, location: 2F
1-1: Fly out, F7 (Flyball, 78S, EV 89.4 MPH)
Bottom of the 7th over - 0 runs, 1 hit, 0 errors, 1 left on base; Springfield 2 - Lake Minnetonka 8
TOP OF THE 8TH
Springfield Shooters batting - Pitching for Lake Minnetonka Love Boats : LHP Mototsune Rin
Batting: RHB Karel van Capelle 0-0: Ball
1-0: Foul Ball, location: 2F
1-1: Ball
2-1: DOUBLE (Flyball, 8LD, EV 95.6 MPH)
Pitching: RHP Juriaan van Maaren
Batting: RHB Dao-zi Zhan 0-0: Swinging Strike
0-1: Swinging Strike
0-2: Ball
1-2: Strikes out swinging, 2-3 out at first.
Batting: RHB Gerald Johnston 0-0: Called Strike
0-1: Ball
1-1: Called Strike
1-2: SINGLE (Line Drive, 78S, EV 92.5 MPH)
Karel van Capelle to third
Runner from 3rd tries for Home, SAFE, no throw by LF
Batting: SHB Yosuke Daisen 0-0: Swinging Strike
0-1: Ball
1-1: Ball
2-1: Ball
3-1: SINGLE (Line Drive, 9LS, EV 97.5 MPH)
Gerald Johnston to second
Runner from 2nd tries for 3rd, SAFE, throw by RF made to third
Batting: RHB Roland Reece 0-0: Ball
1-0: Swinging Strike
1-1: Swinging Strike
1-2: Foul Ball, location: 2F
1-2: Strikes out swinging
Batting: LHB Sherman Kline 0-0: Swinging Strike
0-1: Ground out 5-3 (Groundball, 56S, EV 78.1 MPH)
Top of the 8th over - 1 run, 3 hits, 0 errors, 2 left on base; Springfield 3 - Lake Minnetonka 8
BOTTOM OF THE 8TH
Lake Minnetonka Love Boats batting - Pitching for Springfield Shooters : RHP Ettore Guizzardi
Batting: RHB Ernest Lesley 0-0: Called Strike
0-1: Foul Ball, location: 2F
0-2: Strikes out looking
Batting: LHB Alfredo Garza 0-0: Ball
1-0: Called Strike
1-1: Ball
2-1: Ball
3-1: Called Strike
3-2: Foul Ball, location: 2F
3-2: Fly out, F5 (Popup, 5L, EV 80.6 MPH)
Batting: RHB Mark Bakker 0-0: Ball
1-0: Ball
2-0: Called Strike
2-1: Ball
3-1: Base on Balls
Pitching: LHP Jack Harvey
Batting: RHB José Avilés 0-0: Called Strike
0-1: Called Strike
0-2: Ball
Mark Bakker steals 2nd base
1-2: Ball
2-2: SINGLE (Flyball, 89S, EV 85.6 MPH)
Mark Bakker to third
Batting: LHB Bill Kirby 0-0: Ground out 5-3 (Groundball, 56S, EV 80.6 MPH)
Bottom of the 8th over - 0 runs, 1 hit, 0 errors, 2 left on base; Springfield 3 - Lake Minnetonka 8
TOP OF THE 9TH
Springfield Shooters batting - Pitching for Lake Minnetonka Love Boats : RHP Juriaan van Maaren
Batting: SHB Junior O'Day 0-0: Ball
1-0: Called Strike
1-1: Ball
2-1: Called Strike
2-2: Ground out 1-3 (Groundball, P, EV 71.9 MPH)
Batting: RHB Charles Ward 0-0: Ball
1-0: Foul Ball, location: 2F
1-1: Ball
2-1: Ball
3-1: Called Strike
3-2: Ground out 4-3 (Groundball, 3D, EV 101.2 MPH)
Batting: RHB Bang Aang 0-0: Ball
1-0: SINGLE (Groundball, 4D, EV 101.9 MPH)
Batting: RHB Karel van Capelle 0-0: Swinging Strike
0-1: Swinging Strike
0-2: Strikes out swinging
Top of the 9th over - 0 runs, 1 hit, 0 errors, 1 left on base; Springfield 3 - Lake Minnetonka 8
Friday, October 2nd, 2020 - OOTP Baseball 20.8 Build 74